 Dungeon Crawl Stone Soup version 0.29.1-2-gbd0b4ee654 (webtiles) character file.

Game seed: 10610147406909357308

196 Haldmier the Cudgeller (level 5, -5/40 HPs)
             Began as a Demigod Artificer on Nov 30, 2022.
             Shot with an arrow by a centaur (11 damage)
             ... on level 4 of the Dungeon.
             The game lasted 00:10:18 (4349 turns).

Haldmier the Cudgeller (Demigod Artificer)          Turns: 4349, Time: 00:10:18

Health: -5/40      AC:  9    Str: 17    XL:     5   Next: 21%
Magic:  7/7        EV:  7    Int: 13    God:
Gold:   99         SH:  0    Dex: 14    Spells: 4/4 levels left

rFire   . . .      SeeInvis +   E - +3 whip
rCold   . . .      Faith    .   (no shield)
rNeg    . . .      Spirit   .   h - +0 chain mail
rPois   .          Reflect  .   (no helmet)
rElec   .          Harm     .   D - +0 cloak
rCorr   .          Rampage  .   (no gloves)
Will    .....                   (no boots)
Stlth   ..........              (no amulet)
HPRegen 0.13/turn               G - ring of see invisible
MPRegen 0.10/turn               (no ring)

@: no status effects
A: high MP 1, forlorn, divine attributes
a: no special abilities


You were on level 4 of the Dungeon.
You visited 1 branch of the dungeon, and saw 4 of its levels.

You collected 99 gold pieces.

Inventory:

Hand Weapons
 a - a +0 club
 i - a +0 falchion
 j - a +0 sling
 l - a +0 flail
 E - a +3 whip (weapon)
Missiles
 k - 21 stones (quivered)
 z - 11 poisoned darts
Armour
 b - a +0 leather armour
 h - a +0 chain mail (worn)
 q - a +0 scale mail
 u - a scarf of resistance
 y - a +0 ring mail
 D - a +0 cloak (worn)
Jewellery
 m - a ring of ice
 G - a ring of see invisible (left hand)
Wands
 c - a wand of flame (4)
 d - a wand of charming (15)
 e - a wand of iceblast (5)
Scrolls
 g - 5 scrolls of identify {unknown}
 n - a scroll of enchant weapon {unknown}
 o - a scroll of amnesia
 p - 2 scrolls of teleportation {unknown}
 s - a scroll of butterflies {unknown}
 t - a scroll of vulnerability {unknown}
 A - 2 scrolls of fear {unknown}
 B - 2 scrolls of magic mapping {unknown}
 F - a scroll of poison {unknown}
Potions
 f - a potion of curing
 r - 2 potions of degeneration {unknown}
 v - 2 potions of invisibility {unknown}
 w - a potion of berserk rage {unknown}
 x - a potion of cancellation {unknown}
 C - 2 potions of haste {unknown}


   Skills:
 - Level 1.1 Fighting
 + Level 4.3 Maces & Flails
 - Level 2.0 Armour
 - Level 1.1 Dodging
 - Level 1.2 Stealth
 - Level 2.8 Evocations


You had 4 spell levels left.
You didn't know any spells.
Your spell library contained the following spells:

 Spells                   Type           Power      Damage    Failure   Level
 Portal Projectile        Hex/Tloc       0%         N/A       100%        3
 Tukima's Dance           Hex            0%         N/A       100%        3
 Blade Hands              Tmut           0%         N/A       100%        5
 Freezing Cloud           Conj/Ice/Air   0%         6-21      100%        5
 Simulacrum               Ice/Necr       0%         N/A       100%        6
 Polar Vortex             Ice            0%         N/A       100%        9


Dungeon Overview and Level Annotations

Branches:
Dungeon (4/15)
 Temple: D:4-7


Innate Abilities, Weirdness & Mutations

You have an increased reservoir of magic. (+10% MP)
You shall have no god before yourself.
Your divine heritage dramatically boosts your attributes as you level up.


Message History

You kill the giant cockroach!
The giant cockroach bites you but does no damage.
You hit the giant cockroach.
The giant cockroach is moderately wounded.
The giant cockroach barely misses you.
You whack the giant cockroach!
You kill the giant cockroach!
You see here a giant cockroach corpse.
Found a scroll labelled DOIZXAU ANUTZ.
p - 2 scrolls labelled DOIZXAU ANUTZ (gained 1)
Found a hand axe.
You hear the slow hiss of a very distant avalanche of sand.
A ball python comes into view.
The ball python hisses angrily.
Found a stone staircase leading down.
The ball python bites you but does no damage.
The ball python grabs you. The ball python constricts you.
You closely miss the ball python. You hit the ball python.
The ball python is severely wounded.
The ball python barely misses you. The ball python constricts you.
The ball python bites you but does no damage.
The ball python constricts you.
You closely miss the ball python.
The ball python is severely wounded.
You whack the ball python!
You kill the ball python!
A centaur comes into view.
The centaur shouts!
The centaur wields a +0 shortbow.
The centaur shoots an arrow.
The arrow hits you!
The centaur shoots an arrow.
The arrow hits you!
Found 3 scrolls labelled ULECUYNWOKH.
The centaur shoots an arrow.
The arrow hits you!
* * * LOW HITPOINT WARNING * * *
You hear an angry hiss.
You see here a ball python corpse.
A ball python comes into view.
The ball python hisses angrily.
The centaur shoots an arrow.
The arrow hits you!
You die...

### #.# ##### #># ##.
..S.###.# #######...
........# #.......#
..# #@# #......## .##
..##.# #.....##
?...##..#.# #.....#
......?.#†# #.....#
#......#.# ####.....#
####...c.####....#####
#...........####
#........#†.######
.........†........###


You could see a centaur and a ball python.

Vanquished Creatures
  Terence (D:3)
  3 adders
  3 gnolls (D:3)
  A river rat (D:3)
  4 worms
  3 dart slugs
  2 orcs (D:3)
  6 bats
  11 endoplasms
  11 giant cockroaches
  6 goblins
  2 hobgoblins (D:2)
  8 kobolds
  10 ball pythons
  2 frilled lizards
  10 rats
83 creatures vanquished.

Notes
Turn   | Place    | Note
-------+----------+-------------------------------------------
     0 | D:1      | Haldmier the Demigod Artificer began the quest for the Orb.
     0 | D:1      | Reached XP level 1. HP: 15/15 MP: 3/3
    86 | D:1      | Reached skill level 1 in Fighting
    86 | D:1      | Reached skill level 1 in Dodging
    86 | D:1      | Reached skill level 1 in Stealth
   223 | D:1      | Reached XP level 2. HP: 11/23 MP: 4/4
   657 | D:1      | Reached skill level 1 in Maces & Flails
  1203 | D:1      | Reached XP level 3. HP: 28/28 MP: 5/5
  1424 | D:2      | Reached skill level 2 in Maces & Flails
  2372 | D:2      | Reached XP level 4. HP: 6/35 MP: 6/6
  2530 | D:3      | Reached skill level 3 in Maces & Flails
  2675 | D:3      | Noticed Terence
  2691 | D:3      | Killed Terence
  3423 | D:3      | Reached skill level 4 in Maces & Flails
  3423 | D:3      | Reached XP level 5. HP: 27/40 MP: 7/7
  4342 | D:4      | Noticed a centaur
  4349 | D:4      | Shot with an arrow by a centaur

Illustrated notes

Levels and vault maps discovered:
D:1:      tarquinn_simple_flora_water_e, layout_loops_cross
D:2:      layout_rooms, hellmonk_ecumenical_altar_crossroads,
          minmay_joined_circles
D:3:      layout_loops_ring, eat_drink_and_be_merry_uskayaw,
          mainiacjoe_overflow_concentric_impassable, portal_sewer_entry_e,
          corner_web_ring, uniq_terence
D:4:      layout_rooms, chequers_ossuary_entry_cave

Skill      XL: |  1  2  3  4 |
---------------+-------------+-----
Fighting       | 1 |  1.1
Dodging        | 1 |  1.1
Stealth        | 1 |  1.2
Armour         | 2 |  2.0
Maces & Flails | 1 2 4 |  4.3
Evocations     | |  2.8

Action                   |  1- 3 |  4- 6 || total
-------------------------+-------+-------++-------
Melee: Falchion          |    16 |       ||    16
       Club              |     9 |       ||     9
       Punch             |     1 |       ||     1
       Flail             |   132 |    47 ||   179
       Whip              |       |    68 ||    68
Evoke: Wand              |     6 |     5 ||    11
  Use: Scroll            |     1 |       ||     1
       Potion            |       |     1 ||     1
Armor: Leather armour    |    11 |       ||    11
       Chain mail        |   101 |    39 ||   140
Dodge: Dodged            |    74 |    41 ||   115
